 Dungeon Crawl Stone Soup version 0.30-a0-643-g638baaf3f0 (webtiles) character file.

Game seed: 1797451453469309425

725 Absynth the Conjurer (level 7, -4/50 HPs)
             Began as a White Draconian Conjurer on Jan 16, 2023.
             Slain by Edmund
             ... wielding a +2 heavy flail
              (12 damage)
             ... on level 4 of the Dungeon.
             The game lasted 00:26:28 (4356 turns).

Absynth the Conjurer (White Draconian Conjurer)     Turns: 4356, Time: 00:26:28

Health: -4/50      AC:  6    Str: 10    XL:     7   Next: 43%
Magic:  3/15       EV: 12    Int: 20    God:
Gold:   154        SH:  0    Dex:  9    Spells: 13/16 levels left

rFire   + . .      SeeInvis .    d - +2 dagger (venom)
rCold   + + .      Faith    .    (no shield)
rNeg    . . .      Spirit   .    (body armour unavailable)
rPois   .          Reflect  .    (helmet restricted)
rElec   .          Harm     .    m - scarf {rC+ rF+}
rCorr   .          Rampage  .    (no gloves)
Will    .....                    (no boots)
Stlth   ++                       f - amulet of regeneration
HPRegen 1.08/turn                k - +4 ring of slaying
MPRegen 0.14/turn                (no ring)

@: short of breath
A: breathe frost, AC +6, unfitting armour, cold resistance 1, cold-blooded
a: Breathe Frost


You were on level 4 of the Dungeon.
You visited 1 branch of the dungeon, and saw 4 of its levels.

You collected 154 gold pieces.

Inventory:

Hand Weapons
 d - a +2 dagger of venom (weapon)
 h - a +2 dagger of holy wrath
Missiles
 n - 2 throwing nets
Armour
 m - a scarf of resistance (worn)
Jewellery
 f - an amulet of regeneration (around neck)
 k - a +4 ring of slaying (left hand)
Scrolls
 i - 2 scrolls of identify
 j - a scroll of enchant weapon
Potions
 a - a potion of magic
 b - a potion of cancellation {unknown}
 e - a potion of resistance {unknown}
 g - 8 potions of curing
 l - a potion of ambrosia {unknown}
 o - a potion of brilliance {unknown}


   Skills:
 - Level 1.7 Dodging
 - Level 1.7 Stealth
 + Level 5.4 Spellcasting
 + Level 7.3 Conjurations


You had 13 spell levels left.
You knew the following spells:

 Your Spells              Type           Power      Damage    Failure   Level
a - Magic Dart            Conj           100%       1d8       1%          1
b - Searing Ray           Conj           68%        2d6       1%          2

Your spell library contained the following spells:

 Spells                   Type           Power      Damage    Failure   Level
 Dazzling Flash           Conj/Hex       40%        N/A       8%          3
 Beastly Appendage        Tmut           10%        N/A       11%         1
 Wereblood                Tmut           5%         N/A       17%         2
 Fulminant Prism          Conj/Hex       10%        3d9       24%         4
 Iskenderun's Mystic Bla  Conj/Tloc      20%        2d6       24%         4
 Spider Form              Tmut/Pois      5%         N/A       32%         3


Dungeon Overview and Level Annotations

Branches:
Dungeon (4/15)             Temple (0/1) D:4

Altars:
Vehumet
Wu Jian

Shops:
D:1 [   D:4 [

Annotations:
D:4 Edmund


Innate Abilities, Weirdness & Mutations

You can breathe waves of freezing cold which knock back foes.
Your icy white scales are hard. (AC +6)
You cannot fit into any form of body armour.
Your flesh is cold resistant. (rC+)
You are cold-blooded and may be slowed by cold attacks.


Message History

Confirm with . or Enter, or press ? or * to list all spells.
Aiming: Magic Dart (safe; 1% risk of failure)
Press: ? - help, Shift-Dir - straight line, f/p - Pikel
Aim: Pikel, wielding a +1 whip of freezing and wearing a +0 robe (almost dead, 100% to hit)
The magic dart hits Pikel but does no damage.
Pikel is almost dead.
The lemure shouts!
Pikel hits you with a +1 whip of freezing.
You closely miss Pikel. You tail-slap Pikel, but do no damage.
Pikel is severely wounded.
Pikel closely misses you.
You hit Pikel.
Pikel is poisoned.
You tail-slap Pikel.
You kill Pikel!
With Pikel's spell broken, his former minion thanks you for its freedom.
The lemure departs this earthly plane.
Edmund hits you with a +2 heavy flail!
Your Spellcasting skill increases to level 5!
Your Conjurations skill increases to level 7!
You have reached level 7!
Your scales start taking on an icy white colour.
You learn Fire Magic much slower.
You learn Ice Magic much quicker.
You can breathe waves of freezing cold which knock back foes.
You feel resistant to cold.
Aiming: Breathe Frost (5% risk of failure)
Press: ? - help, Shift-Dir - straight line, f - Edmund
Aim: Edmund, wielding a +2 heavy flail and wearing a +4 scale mail of positive energy (fast, 72% to hit)
You exhale a wave of freezing cold.
The freezing breath hits Edmund.
Edmund is lightly wounded.
Edmund hits you with a +2 heavy flail!
* * * LOW HITPOINT WARNING * * *
Edmund attacks as you move away! Edmund hits you with a +2 heavy flail!
* * * LOW HITPOINT WARNING * * *
Edmund attacks as you move away! Edmund completely misses you.
This is a scroll of acquirement!
Something appears at your feet! Edmund misses you.
The air fills with toxic fumes!
As you read the scroll labelled YTOTOSIDAU, it crumbles to dust.
It was a scroll of poison.
Edmund barely misses you.
Really walk into that cloud of poison gas?
Edmund attacks as you move away! Edmund hits you with a +2 heavy flail!
You die...

. #..# .....@.. ##§###
....... § # #..†#
..[.... .§§?....#)##
...... .§§§....#.§#
...... .§§§§...##§##
##...##..§§§§§..#§§§#
.........§§§§§§##@§§#
..##.# .§§§§§§§@§§§#
..##.# ..§§§§§§#§§§§##
.....##..§§§§§ ##§§§§#
.........##### #§§§§##
#..##.......#..#####§§#
..........#........##§#
........#..........##§#
........#.## ##...#
..÷.....#.# .# #..###


You could see Edmund (fast).

Vanquished Creatures
  Pikel (D:4)
  2 lemures (D:4)
  A hound (D:4)
  An orc priest (D:3)
  An orc wizard (D:3)
  10 gnolls
  4 adders
  A worm (D:3)
  3 dart slugs
  3 orcs (D:3)
  8 bats
  6 endoplasms
  2 giant cockroaches
  7 goblins
  4 hobgoblins
  2 quokkas
  7 ball pythons
  7 frilled lizards
  6 kobolds
  3 rats (D:2)
79 creatures vanquished.

Vanquished Creatures (others)
  A plant (D:1)
1 creature vanquished.

Grand Total: 80 creatures vanquished

Notes
Turn   | Place    | Note
-------+----------+-------------------------------------------
     0 | D:1      | Absynth the Draconian Conjurer began the quest for the Orb.
     0 | D:1      | Reached XP level 1. HP: 14/14 MP: 3/3
    14 | D:1      | Found Coleget's Antique Armour Shop.
   326 | D:1      | Reached XP level 2. HP: 20/20 MP: 3/5
   832 | D:1      | Learned a level 2 spell: Searing Ray
  1121 | D:2      | Reached XP level 3. HP: 26/26 MP: 2/6
  1408 | D:2      | Reached skill level 5 in Conjurations
  2312 | D:2      | Found a faded altar of an unknown god.
  2586 | D:2      | Reached XP level 4. HP: 33/33 MP: 3/8
  3077 | D:3      | Found a radiant altar of Vehumet.
  3170 | D:3      | Reached XP level 5. HP: 31/38 MP: 4/10
  3737 | D:4      | Noticed Edmund
  3768 | D:4      | Reached skill level 6 in Conjurations
  3821 | D:4      | Noticed a lemure
  3823 | D:4      | Noticed Pikel
  3824 | D:4      | Noticed a lemure
  3824 | D:4      | Noticed a lemure
  3825 | D:4      | Noticed a lemure
  3858 | D:4      | Found an ornate altar of the Wu Jian Council.
  3940 | D:4      | Reached XP level 6. HP: 45/45 MP: 5/12
  4011 | D:4      | Found Opri's Antique Armour Shoppe.
  4192 | D:4      | Found a staircase to the Ecumenical Temple.
  4348 | D:4      | Killed Pikel
  4349 | D:4      | Reached skill level 5 in Spellcasting
  4349 | D:4      | Reached skill level 7 in Conjurations
  4349 | D:4      | Your scales start taking on an icy white colour.
  4349 | D:4      | Reached XP level 7. HP: 28/50 MP: 2/15
  4349 | D:4      | Gained mutation: Your flesh is cold resistant. (rC+) [White
                  | Draconian growth]
  4354 | D:4      | Identified a scroll of acquirement
  4354 | D:4      | Acquired a staff of conjuration
  4356 | D:4      | Slain by Edmund

Illustrated notes

Levels and vault maps discovered:
D:1:      dpeg_arrival_rooms_b, layout_rooms, serial_shops,
          nicolae_shop_overgrown_old_shop
D:2:      mumra_celtic_spiral_tile, layout_loops_ring,
          shapermc_ecumenical_altar_venn, minivault_23,
          wander_ebering_terrifying_dragon_lair
D:3:      layout_rooms, nicolae_vehumet_altar_sigil
D:4:      layout_rooms, mainiacjoe_overflow_tiny_flanked,
          minmay_temple_entry_drinking_statues, serial_shops, shop_fountains,
          st_stairs_11, kennysheep_generic_room_8, uniq_pikel, uniq_edmund

Skill      XL: |  1  2  3  4  5  6 |
---------------+-------------------+-----
Conjurations   | 5 6 7 |  7.3
Spellcasting   | 3 4 5 |  5.4
Dodging        | |  1.7
Stealth        | |  1.7

Action                   |  1- 3 |  4- 6 |  7- 9 || total
-------------------------+-------+-------+-------++-------
Melee: Unarmed           |     3 |       |       ||     3
       Dagger            |    10 |    31 |       ||    41
       Tailslap          |     2 |     6 |       ||     8
 Cast: Magic Dart        |    71 |    59 |       ||   130
       Searing Ray       |     3 |     9 |       ||    12
 Abil: Breathe Frost     |       |       |     1 ||     1
  Use: Scroll            |       |     6 |     2 ||     8
       Potion            |       |     2 |       ||     2
 Stab: Sleeping          |     1 |       |       ||     1
Armor: Skin              |     9 |    13 |       ||    22
Dodge: Dodged            |    11 |    24 |     3 ||    38

Table legend: (Time is in decaauts)
 A = Elapsed time spent in this place.
 B = Non-inter-level travel time spent in this place.
 C = Inter-level travel time spent in this place.
 D = Time resting spent in this place.
 E = Time spent auto-exploring this place.
 F = Levels seen in this place.
 G = Mean time per level.
                   A        B        C        D        E       F      G
               +--------+--------+--------+--------+--------+-----+--------+
         Total |   4335 |   4201 |    134 |    968 |   2128 |   4 | 1083.8 |
       Dungeon |   4335 |   4201 |    134 |    968 |   2128 |   4 | 1083.8 |
               +--------+--------+--------+--------+--------+-----+--------+

Top non-repeatable levels by time:
     D:2: 1723 daAuts
     D:1: 1078 daAuts
     D:3: 920 daAuts
     D:4: 613 daAuts
